 Dungeon Crawl Stone Soup version 0.27-a0-1230-gfc7c993222 (webtiles) character file.

Game seed: 5881742109049526400

246 EiAlmux the Firebug (level 5, -8/41 HPs)
             Began as a Draconian Fire Elementalist on June 8, 2021.
             Mangled by an ogre
             ... wielding a +0 giant spiked club
              (35 damage)
             ... on level 4 of the Dungeon.
             The game lasted 00:05:59 (2931 turns).

EiAlmux the Firebug (Draconian Fire Elementalist)   Turns: 2931, Time: 00:05:59

Health: -8/41      AC:  5    Str: 10    XL:     5   Next: 84%
Magic:  0/9        EV: 12    Int: 16    God:
Gold:   154        SH:  0    Dex: 12    Spells: 9/10 levels left

rFire    . . .     SeeInvis .   h - +1 dagger (drain)
rCold    . . .     Faith    .   (no shield)
rNeg     . . .     Spirit   .   (armour unavailable)
rPois    .         Reflect  .   (helmet restricted)
rElec    .         Harm     .   (no cloak)
rCorr    .         Rampage  .   (no gloves)
Will     .....                  (no boots)
Stlth    ++........             (no amulet)
HPRegen  0.13/turn              (no ring)
MPRegen  0.11/turn              (no ring)

@: no status effects
A: AC +5, unfitting armour, cold-blooded
a: no special abilities


You were on level 4 of the Dungeon.
You visited 1 branch of the dungeon, and saw 4 of its levels.

You collected 154 gold pieces.

Inventory:

Hand Weapons
 c - a +0 spear
 h - a +1 dagger of draining (weapon)
Missiles
 d - 53 stones
Scrolls
 a - 2 scrolls of enchant weapon {unknown}
 b - a scroll of vulnerability {unknown}
 e - a scroll of blinking {unknown}
 j - a scroll of immolation {unknown}
 k - a scroll of fear {unknown}
 m - a scroll of brand weapon {unknown}
 o - a scroll of identify {unknown}
 q - 2 scrolls of teleportation {unknown}
Potions
 f - 3 potions of heal wounds {unknown}
 g - a potion of invisibility {unknown}
 i - a potion of brilliance {unknown}
 l - 3 potions of curing {unknown}
 n - a potion of might {unknown}
 p - a potion of magic {unknown}


   Skills:
 - Level 2.0 Fighting
 - Level 1.7 Dodging
 + Level 3.2 Stealth
 + Level 3.1 Spellcasting
 + Level 2.7 Conjurations
 + Level 4.0 Fire Magic


You had 9 spell levels left.
You knew the following spells:

 Your Spells              Type           Power      Damage    Failure   Level
a - Foxfire               Conj/Fire      52%        2x1d6     4%          1

Your spell library contained the following spells:

 Spells                   Type           Power      Damage    Failure   Level
 Conjure Flame            Conj/Fire      13%        6-21      14%         3
 Inner Flame              Hex/Fire       8%         N/A       24%         3
 Sticky Flame             Conj/Fire      13%        2d4       43%         4
 Fireball                 Conj/Fire      6%         3d5       78%         5


Dungeon Overview and Level Annotations

Branches:
Dungeon (4/15)
 Temple: D:4-7

Altars:
Cheibriados
Fedhas
Nemelex Xobeh
Okawaru
Xom


Innate Abilities, Weirdness & Mutations

Your plain brown scales are hard. (AC +5)
You cannot fit into any form of body armour.
You are cold-blooded and may be slowed by cold attacks.


Message History

The foxfire hits the quokka.
The quokka is severely wounded.
An orc comes into view. It is wielding a +0 club.
An orc comes into view. It is wielding a +0 dagger.
An orc comes into view. It is wielding a +0 falchion.
You conjure some foxfire!
The orc shouts! x3
You conjure some foxfire!
The foxfire hits the quokka.
The quokka is almost dead.
The foxfire hits the ball python.
You kill the ball python!
You conjure some foxfire!
The foxfire hits the quokka.
You kill the quokka!
The foxfire hits the orc.
The orc is severely wounded.
You conjure some foxfire!
The foxfire hits the giant cockroach but does no damage.
The foxfire hits the orc.
You kill the orc!
You conjure some foxfire!
The foxfire hits the giant cockroach.
You kill the giant cockroach!
The foxfire hits the ogre.
The ogre is lightly wounded.
You conjure some foxfire!
The foxfire hits the ogre.
The ogre is lightly wounded.
The foxfire hits the ogre.
The ogre is moderately wounded.
The ogre hits you with a +0 giant spiked club!
You conjure some foxfire!
The foxfire hits the ogre.
The ogre is heavily wounded.
The foxfire hits the ogre.
The ogre is severely wounded.
The orc closely misses you.
You conjure some foxfire!
The foxfire hits the orc but does no damage.
The foxfire hits the orc.
The orc is moderately wounded.
The ogre hits you with a +0 giant spiked club!!
Ouch! That really hurt!
You die...

..................#####
..............###.#...#
#..........#.# #.#.#.#
#............###.#.#.#
#..................#.)
#..........#####.#####
#..........#...#......
##.....###.#.#.#######
#..o@v###.#.#.###
....).O.v...<.....>#
...#.o...........###
.§..†............#
..#.o............#
..)..............#######
...#.#.........†........
.................######.
................#.


You could see an ogre (ally target) and 3 orcs.

Vanquished Creatures
  A black bear (D:4)
  An iguana (D:3)
  Natasha (thrice) (D:3)
  A worm (D:3)
  2 orcs (D:4)
  5 ball pythons
  4 endoplasms
  2 giant cockroaches
  9 goblins
  9 hobgoblins
  3 quokkas
  5 frilled lizards
  5 kobolds
  6 rats
56 creatures vanquished.

Vanquished Creatures (others)
  118 foxfires
118 creatures vanquished.

Grand Total: 174 creatures vanquished

Notes
Turn   | Place    | Note
-------+----------+-------------------------------------------
     0 | D:1      | EiAlmux the Draconian Fire Elementalist began the quest for
                  | the Orb.
     0 | D:1      | Reached XP level 1. HP: 14/14 MP: 3/3
   363 | D:1      | Reached XP level 2. HP: 22/22 MP: 5/5
  1007 | D:2      | Reached skill level 1 in Fighting
  1137 | D:2      | Reached XP level 3. HP: 21/27 MP: 4/6
  1355 | D:2      | Found a faded altar of an unknown god.
  2003 | D:3      | Noticed Natasha
  2017 | D:3      | Killed Natasha
  2018 | D:3      | Reached XP level 4. HP: 32/35 MP: 3/7
  2109 | D:3      | Found a snail-covered altar of Cheibriados.
  2109 | D:3      | Found a faded altar of an unknown god.
  2115 | D:3      | Found a sparkling altar of Nemelex Xobeh.
  2117 | D:3      | Found a blossoming altar of Fedhas.
  2119 | D:3      | Found a shimmering altar of Xom.
  2321 | D:3      | Found an iron altar of Okawaru.
  2323 | D:3      | Noticed Natasha
  2360 | D:3      | Killed Natasha
  2551 | D:3      | Noticed Natasha
  2556 | D:3      | Killed Natasha
  2557 | D:3      | Reached XP level 5. HP: 41/41 MP: 3/9
  2680 | D:4      | Noticed a black bear
  2698 | D:4      | Killed a black bear
  2699 | D:4      | Reached skill level 4 in Fire Magic
  2922 | D:4      | Noticed an ogre
  2931 | D:4      | Mangled by an ogre

Illustrated notes

Levels and vault maps discovered:
D:1:      nzn_arrival_crosshair, layout_basic
D:2:      layout_basic, shapermc_ecumenical_altar_mp_ritualfount, st_stairs_6,
          minmay_tetromino_s4
D:3:      layout_rooms, amcnicky_altar_gilded,
          chequers_temple_overflow_minitemple, uniq_natasha
D:4:      layout_basic, makhleb_blood_cavern_becter,
          minmay_temple_entry_offerings, kennysheep_nub

Skill      XL: |  1  2  3  4  5 |
---------------+----------------+-----
Stealth        | 2 3 |  3.2
Fighting       | 1 2 |  2.0
Conjurations   | 2 |  2.7
Spellcasting   | 3 |  3.1
Fire Magic     | 4 |  4.0
Dodging        | |  1.7

Action                   |  1- 3 |  4- 6 || total
-------------------------+-------+-------++-------
Melee: Spear             |    35 |       ||    35
       Tailslap          |     5 |     3 ||     8
       Dagger            |    27 |    13 ||    40
 Cast: Foxfire           |    33 |    38 ||    71
 Stab: Sleeping          |     2 |       ||     2
Armor: Skin              |    11 |    11 ||    22
Dodge: Dodged            |    35 |    27 ||    62

Table legend: (Time is in decaauts)
 A = Elapsed time spent in this place.
 B = Non-inter-level travel time spent in this place.
 C = Inter-level travel time spent in this place.
 D = Time resting spent in this place.
 E = Time spent auto-exploring this place.
 F = Levels seen in this place.
 G = Mean time per level.
                   A        B        C        D        E       F      G
               +--------+--------+--------+--------+--------+-----+--------+
         Total |   2933 |   2883 |     50 |      0 |   2482 |   4 |  733.2 |
       Dungeon |   2933 |   2883 |     50 |      0 |   2482 |   4 |  733.2 |
               +--------+--------+--------+--------+--------+-----+--------+

Top non-repeatable levels by time:
     D:2: 924 daAuts
     D:1: 908 daAuts
     D:3: 778 daAuts
     D:4: 321 daAuts
